 Dungeon Crawl Stone Soup version 0.17.0-17-ge4ba49f (console) character file.

104753 Kloppie the Tortoise (level 15, -11/135 HPs)
             Began as a Minotaur Fighter on Nov 11, 2015.
             Was the Champion of Qazlal.
             Killed from afar by Mara (illusionary) (24 damage)
             ... with a bolt of fire
             ... on level 3 of the Swamp.
             The game lasted 01:04:31 (23711 turns).

Kloppie the Tortoise (Minotaur Fighter)            Turns: 23711, Time: 01:04:31

Health: -11/135    AC: 38    Str: 22    XL:     15   Next: 92%
Magic:  19/21      EV:  8    Int:  5    God:    Qazlal [******]
Gold:   2418       SH:  8    Dex: 18    Spells: 0 memorised, 14 levels left

rFire  + . .     SeeInvis +     k - +11 quarterstaff {elec, +Fly rPois SInv}
rCold  + . .     Clarity  .     f - +10 plate armour "Baataaqa" {Dex+3}
rNeg   . . .     SustAt   .     (shield currently unavailable)
rPois  +         Gourm    .     (helmet restricted)
rElec  .         Spirit   .     o - +2 cloak {+Inv}
rCorr  .         Warding  .     Y - +1 pair of gloves
rMut   .         Stasis   .     i - +2 pair of boots {Fly}
MR     +....                    y - amulet of regeneration
Stlth  ..........               (no ring)
                                V - ring of protection from cold

@: about to teleport, protected from fire, repel missiles, somewhat resistant to
hostile enchantments, extremely unstealthy
A: retaliatory headbutt, horns 2, low mp 1
a: Upheaval, Elemental Force, Disaster Area, Renounce Religion, Evoke
Invisibility, Evoke Flight


You were on level 3 of the Swamp.
You worshipped Qazlal.
Qazlal was exalted by your worship.
You were hungry.

You visited 5 branches of the dungeon, and saw 26 of its levels.
You also visited: Labyrinth, Bailey and Volcano.

You collected 3192 gold pieces.
You spent 774 gold pieces at shops.

Inventory:

Hand Weapons
 k - the +11 quarterstaff "Ufiokon" (weapon) {elec, +Fly rPois SInv}
   (You found it on level 1 of the Lair of Beasts)

   Occasionally, upon striking a foe, it will discharge some electrical energy
   and cause terrible harm.
   It protects you from poison.
   It lets you see invisible.
   It lets you fly.
 z - a +0 great mace
 H - a +3 morningstar
Armour
 c - a +0 shield
 f - the +10 plate armour "Baataaqa" (worn) {Dex+3}
   (You bought it in a shop on level 4 of the Orcish Mines)

   It affects your dexterity (+3).
 i - a +2 pair of boots of flying (worn)
 o - a +2 cloak of invisibility (worn)
 F - the +5 robe of the Evening Star {rPois MR++ rCorr}
   (You found it in a bailey)

   It protects you from poison.
   It affects your resistance to hostile enchantments.
   It protects you from acid and corrosion.
 Y - a +1 pair of gloves (worn)
Jewellery
 g - an uncursed ring of poison resistance
 w - an uncursed ring of fire
 y - an amulet of regeneration (around neck)
 A - an uncursed ring of teleportation
 D - an uncursed amulet of clarity
 L - an uncursed amulet of resist corrosion
 V - a ring of protection from cold (left hand)
 X - an uncursed amulet of resist mutation
Wands
 a - a wand of disintegration (24)
 W - a wand of paralysis (6)
Scrolls
 d - a scroll of fog
 j - 3 scrolls of fear
 q - 3 scrolls of enchant weapon
 r - 6 scrolls of remove curse
 u - 5 scrolls of teleportation
 v - 6 scrolls of amnesia
 B - 4 scrolls of magic mapping
 I - 2 scrolls of identify
 O - a scroll of enchant armour
 P - a scroll of summoning
 T - a scroll of blinking
 U - 2 scrolls of recharging
Potions
 h - a potion of curing
 l - a potion of resistance
 x - 3 potions of cure mutation
 E - a potion of cancellation
 G - 6 potions of might
 J - 2 potions of lignification
 K - a potion of haste
 M - a potion of agility
 N - 2 potions of berserk rage
 Q - 2 potions of invisibility
Books
 m - a book of Changes

   Spells                             Type                      Level
   a - Beastly Appendage              Transmutation                1
   b - Sticks to Snakes               Transmutation                2
   c - Spider Form                    Transmutation/Poison         3
   d - Ice Form                       Ice/Transmutation            4
   e - Blade Hands                    Transmutation                5
Miscellaneous
 n - a lamp of fire (inert)
 s - a fan of gales
 R - a box of beasts
Comestibles
 e - 10 bread rations
 t - 5 beef jerkies
 S - a slice of pizza
 Z - 4 meat rations


   Skills:
 + Level 13.0 Fighting
 - Level 12.2(14.2) Maces & Flails
 - Level 12.4(14.2) Staves
 + Level 17.1 Armour
 - Level 3.7 Shields
 - Level 10.5 Invocations
 - Level 12.7 Evocations


You had 14 spell levels left.
You didn't know any spells.

Dungeon Overview and Level Annotations

Branches:
Dungeon (9/15)             Temple (1/1) D:6            Lair (8/8) D:9
  Swamp (4/4) Lair:5       Spider (0/4) Lair:3        Slime (0/6) Lair:7
    Orc (4/4) D:9             Elf (0/3) Orc:4

Altars:
Ashenzari
Dithmenos
Elyvilon
Gozag
Kikubaaqudgha
Qazlal
Sif Muna
Trog
Vehumet
Beogh
Jiyva

Shops:
D:7 ![?   D:8 ?   Orc:1 [   Orc:4 [[((

Annotations:
Lair:3 exclusion: oklob plant
Lair:8 exclusion: oklob plant
Swamp:3 Mara
Swamp:4 exclusion: Roxanne, Roxanne


Innate Abilities, Weirdness & Mutations

You reflexively headbutt those who attack you in melee.
You have a pair of horns on your head.
Your magical capacity is low (-10% MP).


Message History

You feel sick. Mara gestures at you. Pain shoots through your body!
* * * LOW HITPOINT WARNING * * *
The vampire mosquito misses you. You furiously retaliate!
You headbutt the vampire mosquito!
A vampire mosquito comes into view.
Drink which item? (? for menu, Esc to quit)
You feel better.
The vampire mosquito bites you but does no damage.
Mara closely misses you. You furiously retaliate!
You headbutt Mara.
The vampire mosquito completely misses you.
You furiously retaliate!
You headbutt the vampire mosquito!
Read which item? (? for menu, Esc to quit)
As you read the scroll of teleportation, it crumbles to dust.
You feel strangely unstable.
The vampire mosquito bites you but does no damage.
Mara gestures at you. The bolt of fire hits you! You resist.
You die...

≈..≈.♣♣♣ ♣♣♣♣♣ .≈≈.§.♣♣
♣§.§♣ .≈...>≈♣♣♣♣♣...♣
.≈...≈≈.♣§.....♣♣
≈...≈.≈.....R≈≈≈♣♣
≈..≈...≈≈...≈≈≈≈.♣♣
...≈..≈....♣≈≈§≈§≈♣
.≈≈≈...≈.≈.♣♣≈≈≈§♣♣
.≈≈≈≈..≈.♣≈.yRyy@♣♣♣♣♣♣♣
.≈≈≈.....≈≈...§≈R)♣♣≈..♣♣
..≈≈..≈♣♣♣.≈..≈≈§§♣♣♣≈≈≈♣
≈.≈.≈♣♣♣ ♣.(≈.≈≈.≈...)..♣
.≈≈.♣♣♣ ♣♣♣..§≈...§≈≈.≈♣♣
≈≈≈...♣♣♣...§≈≈≈..≈≈≈.♣♣
≈≈≈....≈♣...≈≈≈§..≈≈≈.♣
≈........♣♣≈≈≈≈≈≈.≈.≈♣♣
.♣♣♣≈≈....♣≈§≈≈≈≈≈..§.♣


You could see 3 Maras and 3 vampire mosquitoes.

Vanquished Creatures
  A tentacled monstrosity (Swamp:4)
  An orc warlord (Orc:3)
  Maud (Orc:2)
  Louise (Swamp:3)
  A minotaur (Lab)
  Harold (Lair:2)
  11 hydras
  Erica (Lair:1)
  6 alligators
  A catoblepas (Lair:8)
  12 death yaks
  The ghost of DrakieV the Fighter, a novice OgFi of Qazlal (D:6)
  An orc high priest (Orc:4)
  A deep elf knight (Orc:4)
  A spriggan druid (Swamp:4)
  2 shambling mangroves (Swamp:3)
  A lindwurm (Lair:8)
  5 orc knights
  10 orc sorcerers
  A hornet (Swamp:3)
  An orb spider (Lair:3)
  4 ugly things (Swamp:3)
  A cyclops (D:9)
  3 toenail golems (Volcano)
  10 black mambas
  11 elephants
  22 spiny frogs
  2 torpor snails (Lair:8)
  2 fire drakes (Lair:8)
  10 komodo dragons
  5 giant leeches
  11 polar bears
  8 slime creatures
  Grinder (D:6)
  A troll (Orc:4)
  3 bog bodies
  2 boulder beetles (Lair:8)
  3 raiju (Lair:8)
  26 blink frogs
  13 spriggans
  5 basilisks
  6 humans (Volcano)
  30 yaks
  10 hippogriffs
  10 vampire mosquitoes
  12 wargs
  18 wolves
  2 insubstantial wisps (Swamp:4)
  3 hell hounds (Lair:8)
  16 swamp worms
  15 water moccasins
  6 swamp drakes
  13 black bears
  2 sky beasts
  9 porcupines
  7 ogres
  4 phantoms
  An ice beast (D:8)
  31 orc warriors
  An eye of draining (D:5)
  12 wasps
  7 crocodiles
  5 centaurs
  A big kobold (D:8)
  11 giant frogs
  A water moccasin zombie (D:8)
  A wyvern skeleton (D:6)
  4 scorpions
  13 wights
  A vampire bat (Lair:5)
  12 killer bees
  An electric eel (Lair:5)
  3 crimson imps
  2 giant frog zombies
  A centaur zombie (D:8)
  A gnoll shaman (D:7)
  14 jellies
  36 orc wizards
  4 centaur skeletons
  17 orc priests
  Crazy Yiuf (D:2)
  18 hounds
  5 iguanas
  Terence (D:2)
  10 worker ants
  30 sheep
  2 hound skeletons
  A worker ant zombie (D:5)
  13 gnolls
  14 adders
  43 river rats
  2 shadow imps
  12 oozes
  An adder skeleton (D:5)
  2 worms (D:2)
  8 giant geckos
  116 orcs
  11 bats
  5 giant cockroaches
  12 goblins
  9 hobgoblins
  22 kobolds
  2 ball pythons
  5 giant newts
  9 jackals
  2 quokkas
  A quokka skeleton (D:5)
  4 rats
  2 bushes
  2 butterflies (Lair:6)
  60 fungi
  38 plants
1010 creatures vanquished.

Vanquished Creatures (others)
  2 orc priests
  An orc (Orc:4)
  20 fungi
  19 plants
42 creatures vanquished.

Grand Total: 1052 creatures vanquished

Notes
Turn   | Place    | Note
--------------------------------------------------------------
     0 | D:1      | Kloppie the Minotaur Fighter began the quest for the Orb.
     0 | D:1      | Reached XP level 1. HP: 19/19 MP: 0/0
   208 | D:1      | Reached XP level 2. HP: 27/27 MP: 1/1
   295 | D:1      | Reached skill level 4 in Fighting
   769 | D:2      | Reached XP level 3. HP: 33/33 MP: 2/2
   930 | D:2      | Reached XP level 4. HP: 34/41 MP: 3/3
   950 | D:2      | Found a shadowy altar of Dithmenos.
  1143 | D:2      | Noticed Terence
  1150 | D:2      | Killed Terence
  1297 | D:2      | Noticed Crazy Yiuf
  1303 | D:2      | Killed Crazy Yiuf
  1303 | D:2      | Reached XP level 5. HP: 24/47 MP: 4/4
  1729 | D:3      | Reached skill level 5 in Fighting
  1743 | D:3      | Found a stormy altar of Qazlal.
  1752 | D:3      | Became a worshipper of Qazlal Stormbringer
  1777 | D:3      | Reached skill level 5 in Armour
  2099 | D:4      | Noticed an ogre
  2112 | D:4      | Killed an ogre
  2112 | D:4      | Reached skill level 5 in Maces & Flails
  2112 | D:4      | Reached XP level 6. HP: 19/56 MP: 5/5
  2474 | D:3      | Reached skill level 6 in Fighting
  2866 | D:4      | Reached XP level 7. HP: 63/63 MP: 6/6
  3259 | D:5      | Entered Level 5 of the Dungeon
  3374 | D:5      | Reached * piety under Qazlal
  3586 | D:5      | Reached skill level 7 in Armour
  3882 | D:5      | Found a radiant altar of Vehumet.
  3882 | D:5      | Found a shattered altar of Ashenzari.
  3988 | D:5      | Reached XP level 8. HP: 65/73 MP: 7/7
  4374 | D:6      | Noticed Grinder
  4377 | D:6      | Paralysed by Grinder for 2 turns
  4401 | D:6      | Killed Grinder
  4436 | D:6      | Reached ** piety under Qazlal
  4436 | D:6      | Reached skill level 8 in Armour
  4503 | D:6      | Noticed DrakieV's ghost (novice OgFi)
  4529 | D:6      | Killed DrakieV's ghost
  4529 | D:6      | Reached skill level 9 in Armour
  4529 | D:6      | Reached XP level 9. HP: 43/82 MP: 8/8
  4946 | D:6      | Found a staircase to the Ecumenical Temple.
  5559 | D:7      | Reached skill level 10 in Armour
  5625 | D:7      | Found Fuix's Magic Scroll Shoppe.
  5627 | D:7      | Found Alumemiz's Distillery.
  5755 | D:7      | Reached skill level 10 in Fighting
  5790 | D:7      | Found Xaof's Armour Shoppe.
  6016 | Temple   | Entered the Ecumenical Temple
  6046 | D:7      | Reached *** piety under Qazlal
  6049 | D:7      | Reached skill level 10 in Maces & Flails
  6323 | D:7      | Reached XP level 10. HP: 65/94 MP: 9/9
  6612 | D:8      | Found a bloodstained altar of Trog.
  6616 | D:8      | Found an ancient bone altar of Kikubaaqudgha.
  6761 | D:8      | Reached skill level 11 in Armour
  6831 | D:8      | Found a shattered altar of Ashenzari.
  7104 | D:8      | Reached **** piety under Qazlal
  7112 | D:8      | Found a white marble altar of Elyvilon.
  7127 | D:8      | Found Duvigret's Magic Scroll Shop.
  7146 | D:8      | Bought a scroll of enchant armour for 97 gold pieces
  7714 | D:9      | Found a staircase to the Lair.
  7810 | D:9      | Found a staircase to the Orcish Mines.
  8016 | D:9      | Got a twisted leather armour
  8017 | D:9      | Identified the +3 leather armour of Honesty {*Drain rF+ Slay+4} (You found it on level 9 of the Dungeon)
  8232 | D:9      | Noticed a cyclops
  8240 | D:9      | Killed a cyclops
  8240 | D:9      | Reached skill level 12 in Armour
  8255 | Lair:1   | Entered Level 1 of the Lair of Beasts
  8269 | Lair:1   | Noticed Erica
  8290 | Lair:1   | Killed Erica
  8290 | Lair:1   | Reached skill level 1 in Invocations
  8290 | Lair:1   | Reached XP level 11. HP: 76/104 MP: 9/11
  8525 | Lair:1   | Got a shimmering quarterstaff
  8526 | Lair:1   | Identified the +11 quarterstaff "Ufiokon" {elec, +Fly rPois SInv} (You found it on level 1 of the Lair of Beasts)
  8625 | Lair:1   | Reached skill level 1 in Staves
  9306 | Lair:2   | Noticed Harold
  9319 | Lair:2   | Killed Harold
  9348 | Lair:2   | Found a dark tunnel.
  9363 | Volcano  | Entered a volcano
  9375 | Volcano  | Reached skill level 13 in Armour
  9496 | Volcano  | Reached skill level 5 in Invocations
  9503 | Volcano  | Reached skill level 5 in Staves
  9991 | Lair:3   | Reached ***** piety under Qazlal
  9998 | Lair:3   | Reached XP level 12. HP: 91/111 MP: 15/15
 10311 | Lair:3   | Reached skill level 14 in Armour
 10727 | Lair:3   | Found a hole to the Spider Nest.
 11269 | Lair:4   | Identified a scroll of acquirement
 11887 | Lair:5   | Reached XP level 13. HP: 92/117 MP: 18/18
 11936 | Lair:5   | Noticed a seven-headed hydra
 11938 | Lair:5   | Found a staircase to the Swamp.
 11941 | Lair:5   | Killed a seven-headed hydra
 11941 | Lair:5   | Reached skill level 15 in Armour
 12052 | Lair:5   | Found a labyrinth entrance.
 12069 | Lab      | Entered a labyrinth
 12482 | Lab      | Found an exit through the horrors of the Abyss.
 12579 | Lab      | Reached skill level 10 in Staves
 12581 | Lab      | Got a heavily runed brass amulet
 12582 | Lab      | Got a translucent scimitar {flame}
 12599 | Lair:5   | Identified the amulet "Hero's Friend" {*Contam +Rage Str+4 Dex+4} (You took it off a minotaur in a labyrinth)
 12630 | Lair:5   | Gained mutation: Your magical capacity is low (-10% MP). [mutagenic glow]
 13156 | Lair:6   | Reached ****** piety under Qazlal
 13938 | Lair:7   | Reached skill level 10 in Invocations
 14030 | Lair:7   | Found a viscous altar of Jiyva.
 14031 | Lair:7   | Found a staircase to the Slime Pits.
 14494 | Lair:1   | Identified the +7 scimitar of Wuzet {flame, rElec} (You took it off a minotaur in a labyrinth)
 14516 | Orc:1    | Entered Level 1 of the Orcish Mines
 14521 | Orc:1    | Found Ocumefesa's Antique Armour Shop.
 14535 | Orc:1    | Reached skill level 16 in Armour
 14973 | Orc:3    | Found a roughly hewn altar of Beogh.
 14981 | Orc:3    | Found a flagged portal.
 14987 | Bailey   | Entered a bailey
 15163 | Bailey   | Got a steaming robe
 15235 | Bailey   | Got a ruby-encrusted chain mail
 15250 | Bailey   | Identified the +5 chain mail of Fad Uppu {Dex+4} (You found it in a bailey)
 15272 | Bailey   | Identified the +5 robe of the Evening Star {rPois MR++ rCorr} (You found it in a bailey)
 15947 | Orc:2    | Found a deep blue altar of Sif Muna.
 15949 | Orc:2    | Noticed Maud
 15962 | Orc:2    | Killed Maud
 16447 | Orc:1    | Reached XP level 14. HP: 120/125 MP: 18/18
 16662 | Orc:1    | Found a roughly hewn altar of Beogh.
 16844 | Orc:4    | Entered Level 4 of the Orcish Mines
 16844 | Orc:4    | Found a staircase to the Elven Halls.
 16929 | Orc:4    | Noticed an orc warlord
 16966 | Orc:4    | Paralysed by an orc sorcerer for 6 turns
 16979 | Orc:3    | Killed an orc warlord
 17719 | Orc:4    | Found a roughly hewn altar of Beogh.
 17770 | Orc:4    | Reached skill level 1 in Evocations
 17977 | Orc:4    | Found a roughly hewn altar of Beogh.
 18007 | Orc:4    | Found a roughly hewn altar of Beogh.
 18150 | Orc:4    | Found a roughly hewn altar of Beogh.
 18155 | Orc:4    | Found Okashuul's Antique Armour Emporium.
 18162 | Orc:4    | Bought a crude plate armour for 560 gold pieces
 18172 | Orc:4    | Identified the +10 plate armour "Baataaqa" {Dex+3} (You bought it in a shop on level 4 of the Orcish Mines)
 18279 | Orc:4    | Found Nouhel's Antique Armour Shop.
 18281 | Orc:4    | Found Hiuh's Antique Weapon Boutique.
 18282 | Orc:4    | Found a roughly hewn altar of Beogh.
 18290 | Orc:4    | Bought a pair of runed boots for 117 gold pieces
 18437 | Orc:4    | Found a roughly hewn altar of Beogh.
 18441 | Orc:4    | Found Aluicant's Antique Weapon Shop.
 18905 | Lair:8   | Entered Level 8 of the Lair of Beasts
 19042 | Lair:8   | Reached skill level 5 in Evocations
 19904 | Lair:8   | Found an opulent altar of Gozag.
 20275 | Lair:8   | Reached XP level 15. HP: 132/134 MP: 19/19
 21001 | Swamp:1  | Entered Level 1 of the Swamp
 21013 | Swamp:1  | Reached skill level 10 in Evocations
 22622 | Swamp:3  | Noticed Louise
 22640 | Swamp:3  | Killed Louise
 22967 | Swamp:3  | Found a frozen archway.
 23318 | Swamp:4  | Entered Level 4 of the Swamp
 23318 | Swamp:4  | Noticed Roxanne
 23502 | Swamp:4  | Reached skill level 17 in Armour
 23583 | Swamp:4  | Noticed a tentacled monstrosity
 23605 | Swamp:4  | Killed a tentacled monstrosity
 23611 | Swamp:4  | Noticed Mara
 23680 | Swamp:3  | Noticed Kloppie's illusion
 23706 | Swamp:3  | HP: 4/135 [Mara (illusionary)/demon blade of venom (11)]
 23711 | Swamp:3  | Killed from afar by Mara (illusionary)

Action                   |  1- 3 |  4- 6 |  7- 9 | 10-12 | 13-15 || total
-------------------------+-------+-------+-------+-------+-------++-------
Melee: Flail             |    68 |   142 |    46 |       |       ||   256
       Whip              |       |       |   246 |       |       ||   246
       Great mace        |       |       |    70 |    80 |       ||   150
       Dire flail        |       |       |    13 |       |       ||    13
       Morningstar       |       |       |       |   151 |       ||   151
       Quarterstaff      |       |       |       |   365 |  1309 ||  1674
       Unarmed           |       |       |       |       |    13 ||    13
Invok: Upheaval          |       |       |       |     2 |       ||     2
       Elemental Force   |       |       |       |       |     1 ||     1
 Abil: Stop Flying       |       |       |       |       |     1 ||     1
Evoke: Lamp of fire      |       |       |       |       |     1 ||     1
  Use: Scroll            |       |       |    15 |    11 |    12 ||    38
       Potion            |       |       |     2 |     1 |    10 ||    13
  Eat: Chunk             |       |     6 |     9 |    11 |    32 ||    58
       Bread ration      |       |       |     1 |     1 |     1 ||     3
       Meat ration       |       |       |       |     1 |       ||     1
       Beef jerky        |       |       |       |     1 |       ||     1
       Pizza             |       |       |       |       |     2 ||     2
       Fruit             |       |       |       |       |     3 ||     3
